 Dungeon Crawl Stone Soup version 0.17.1-2-g5865329 (webtiles) character file.

52 ololoev the Covered (level 3, 0/29 HPs)
             Began as a Demonspawn Fighter on Jan 25, 2016.
             Succumbed to an adder's poison
             ... on level 2 of the Dungeon.
             The game lasted 00:00:59 (217 turns).

ololoev the Covered (Demonspawn Fighter)             Turns: 217, Time: 00:00:59

Health: 0/29       AC:  8    Str: 17    XL:     3   Next: 60%
Magic:  3/3        EV:  6    Int:  9    God:
Gold:   31         SH:  8    Dex: 12    Spells: 0 memorised, 2 levels left

rFire  . . .     SeeInvis .     a - +0 war axe
rCold  . . .     Clarity  .     b - +0 scale mail
rNeg   . . .     SustAt   .     c - +0 shield
rPois  .         Gourm    .     (no helmet)
rElec  .         Spirit   .     (no cloak)
rCorr  .         Warding  .     (no gloves)
rMut   .         Stasis   .     (no boots)
MR     .....                    (no amulet)
Stlth  ..........               (no ring)
                                (no ring)

@: lethally poisoned (0 -> -3), not resistant to hostile enchantments, extremely
unstealthy
A: slimy green scales 1
a: no special abilities


Innate Abilities, Weirdness & Mutations

You are partially covered in slimy green scales (AC +2).

Inventory:

Hand Weapons
 a - a +0 war axe (weapon)
Armour
 b - a +0 scale mail (worn)
 c - a +0 shield (worn)
Wands
 d - a wand of flame (22)
Comestibles
 e - a bread ration


   Skills:
 - Level 3.0 Fighting
 * Level 3.1 Axes
 + Level 3.3 Armour
 - Level 2.6 Shields


You had 2 spell levels left.
You didn't know any spells.


You were on level 2 of the Dungeon.
You were not hungry.

You visited 1 branch of the dungeon, and saw 2 of its levels.

You collected 31 gold pieces.

#.........# #.#
+.. #.##...#..#
.. # #...#..#
#...#..#
#####†.# #..# .
#..# ...
#..#.....
#@.......
.....?..##.....
######### .S...
.... .... ...

Notes
Turn   | Place    | Note
--------------------------------------------------------------
     0 | D:1      | ololoev the Demonspawn Fighter began the quest for the Orb.
     0 | D:1      | Reached XP level 1. HP: 18/18 MP: 1/1
   142 | D:2      | Noticed Jessica
   147 | D:2      | Killed Jessica
   147 | D:2      | Gained mutation: You are partially covered in slimy green scales (AC +2). [demonic ancestry]
   147 | D:2      | Reached XP level 2. HP: 4/24 MP: 2/2
   147 | D:2      | Reached XP level 3. HP: 4/29 MP: 3/3
   180 | D:2      | Found a sacrificial altar of Ru.
   211 | D:2      | HP: 1/29 [poisoned by an adder]
   217 | D:2      | Succumbed to an adder's poison

Dungeon Overview and Level Annotations

Branches:
Dungeon (2/15)

Altars:
Ru


Message History

The giant newt bites you but does no damage.
You closely miss the giant newt. The giant newt bites you.
You slash the giant newt!
You kill the giant newt!
You see here a giant newt corpse.
Found a sacrificial altar of Ru.
You now have 31 gold pieces (gained 3).
There is a sacrificial altar of Ru here.
An adder comes into view.
You barely miss the adder. You block the adder's attack.
The adder bites you but does no damage.
You completely miss the adder. You block the adder's attack.
The adder bites you but does no damage.
You slash the adder!
You kill the adder!
An adder comes into view.
You block the adder's attack.
You miss the adder. You block the adder's attack.
The adder bites you but does no damage.
Your shield and scale mail prevent you from hitting the adder.
The adder bites you.
You are lethally poisoned!
The adder poisons you! The adder closely misses you.
You closely miss the adder.
You feel sick. You block the adder's attack. The adder closely misses you.
You slash the adder!
You kill the adder!
Your Axes skill increases to level 3!
You feel sick.
You feel a little less mighty now.
A hobgoblin comes into view.
You feel sick.
You aren't carrying any potions.
You feel sick. You block the hobgoblin's attack.
You slash the hobgoblin!
You kill the hobgoblin!
You feel sick.
You see here a hobgoblin corpse.
An adder comes into view.
The adder moves out of view.
You die...

There were no monsters in sight!

Vanquished Creatures
  Jessica (D:2)
  2 adders (D:2)
  2 bats
  A goblin (D:1)
  2 hobgoblins
  2 giant newts (D:2)
10 creatures vanquished.

Action                   || total
-------------------------++-------
Melee: War axe           ||    38
  Use: Potion            ||     1

Vault maps used:
D:1:      roderic_crossed_star
D:2:      led_sif_pool, nicolae_ru_sacrificial_ziggurat, uniq_jessica
